 Dungeon Crawl Stone Soup version 0.24-a0-282-g1a68c91 (webtiles) character file.

Game seed: 5375443369720499727

292201 MatthieuS the Eclecticist (level 19, -22/117 HPs)
             Began as a Deep Elf Fire Elementalist on May 3, 2019.
             Was the Champion of Vehumet.
             Shot with a bolt by a yaktaur captain (43 damage)
             ... on level 4 of the Vaults.
             The game lasted 02:57:06 (41737 turns).

MatthieuS the Eclecticist (DEFE)                   Turns: 41737, Time: 02:57:07

Health: -22/117    AC: 18    Str: 13    XL:     19   Next: 98%
Magic:  36/44      EV: 24    Int: 42    God:    Vehumet [******]
Gold:   873        SH:  0    Dex: 15    Spells: 8/54 levels left

rFire    + + .     SeeInvis +   q - staff of fire
rCold    + . .     Gourm    .   (no shield)
rNeg     . . .     Faith    .   h - +2 robe {rC+ rF+}
rPois    +         Spirit   .   M - +3 hat of Pondering {ponderous, MR+ MP+10 Int+5}
rElec    +         Reflect  .   m - +2 cloak of the Barnacle {rElec MP-9 SInv}
rCorr    .         Harm     .   L - +2 pair of gloves
MR       +++++                  l - +3 pair of boots of Focus {*Drain Str+4 Int+4}
Stlth    +++++.....             w - amulet of magic regeneration
HPRegen  0.29/turn              C - ring "Fyxyni" {rPois Str+4 Int+3 Slay-5}
MPRegen  0.54/turn              S - ring of the Mage {Wiz MR++ Int+3}

@: slow
A: antennae 1, see invisible, dopey 1, magic resistance 1
}: 2/15 runes: decaying, serpentine
a: Renounce Religion


You were on level 4 of the Vaults.
You worshipped Vehumet.
Vehumet was exalted by your worship.
You were not hungry.

You visited 7 branches of the dungeon, and saw 36 of its levels.
You visited 1 bazaar.
You also visited: Ice Cave.

You collected 4543 gold pieces.
You spent 3670 gold pieces at shops.

Inventory:

Armour
 h - a +2 robe of resistance (worn)
   (You bought it in a shop on level 8 of the Dungeon)
 l - the +3 pair of boots of Focus (worn) {*Drain Str+4 Int+4}
   (You bought it in a shop in a bazaar)

   It affects your strength (+4).
   It affects your intelligence (+4).
   It causes draining when unequipped.
 m - the +2 cloak of the Barnacle (worn) {rElec MP-9 SInv}
   (You bought it in a shop on level 2 of the Orcish Mines)

   It insulates you from electricity.
   It affects your magic capacity (-9).
   It lets you see invisible.
 L - a +2 pair of gloves (worn)
   (You found it on level 10 of the Dungeon)
 M - the +3 hat of Pondering (worn) {ponderous, MR+ MP+10 Int+5}
   (You took it off Gastronok on level 1 of the Lair of Beasts)

   It affects your intelligence (+5).
   It affects your resistance to hostile enchantments.
   It affects your magic capacity (+10).
Magical Staves
 k - an uncursed staff of energy {!a}
   (You found it on level 10 of the Dungeon)
 q - an uncursed staff of fire (weapon)
   (You found it on level 11 of the Dungeon)
Jewellery
 n - a +4 amulet of reflection
   (You took it off an orc on level 13 of the Dungeon)
 w - an amulet of magic regeneration (around neck)
   (You found it on level 3 of the Dungeon)
 A - the ring "Tinyit" {rC+ Dex+3}
   (You found it on level 6 of the Dungeon)

   [ring of dexterity]

   It affects your dexterity (+3).
   It protects you from cold.
 B - the ring of Fragile Peace {rN+ Int+4}
   (You found it on level 10 of the Dungeon)

   [ring of intelligence]

   It affects your intelligence (+4).
   It protects you from negative energy.
 C - the ring "Fyxyni" (left hand) {rPois Str+4 Int+3 Slay-5}
   (You bought it in a shop on level 1 of the Vaults)

   [ring of intelligence]

   It affects your strength (+4).
   It affects your intelligence (+3).
   It affects your accuracy and damage with ranged weapons and melee attacks
   (-5).
   It protects you from poison.
 I - an uncursed ring of protection from fire
   (You found it on level 10 of the Dungeon)
 S - the ring of the Mage (right hand) {Wiz MR++ Int+3}
   (You bought it in a shop on level 1 of the Vaults)

   [ring of wizardry]

   It improves your spell success rate.
   It affects your intelligence (+3).
   It affects your resistance to hostile enchantments.
 X - an uncursed ring of resist corrosion
   (You found it on level 3 of the Lair of Beasts)
Wands
 c - a wand of disintegration (19)
   (You found it on level 3 of the Swamp)
 d - a wand of iceblast (6)
   (You bought it in a shop on level 3 of the Snake Pit)
 u - a wand of paralysis (10)
   (You found it on level 2 of the Vaults)
 v - a wand of digging (7)
   (You found it on level 1 of the Swamp)
 x - a wand of acid (11)
   (You found it on level 3 of the Vaults)
 D - a wand of enslavement (13)
   (You found it on level 2 of the Swamp)
 N - a wand of scattershot (10)
   (You found it on level 1 of the Lair of Beasts)
Scrolls
 f - 8 scrolls of fear
 i - 14 scrolls of remove curse {@r2}
 o - 6 scrolls of magic mapping
 s - 4 scrolls of blinking
 y - 5 scrolls of amnesia
 E - 7 scrolls of identify {@r1}
 F - 9 scrolls of teleportation {@r4}
 H - 5 scrolls of enchant weapon
 K - 5 scrolls of enchant armour
 U - a scroll of silence
 W - 2 scrolls of fog
Potions
 b - 16 potions of curing {@q1}
 j - a potion of magic
 r - 2 potions of invisibility
 t - 2 potions of agility
 z - a potion of flight
 J - 12 potions of heal wounds {@q2}
 P - 4 potions of berserk rage
 R - 6 potions of brilliance
 T - 4 potions of ambrosia
 V - 2 potions of haste {@q3}
 Y - a potion of resistance
 Z - 2 potions of cancellation
Miscellaneous
 a - a phial of floods
   (You found it on level 15 of the Dungeon)
 g - 2 phantom mirrors
 G - a crystal ball of energy
   (You found it on level 8 of the Dungeon)
 Q - 2 boxes of beasts
Comestibles
 e - 57 rations
 p - 6 chunks of flesh


   Skills:
 + Level 12.3 Fighting
 + Level 8.3 Armour
 + Level 16.6 Dodging
 + Level 10.8 Stealth
   Level 4.0 Shields
 + Level 18.2 Spellcasting
 + Level 15.6 Conjurations
 - Level 5.2 Charms
 - Level 8.4 Summonings
 + Level 16.0 Fire Magic
 - Level 10.6 Evocations


You had 8 spell levels left.
You knew the following spells:

 Your Spells              Type           Power        Failure   Level  Hunger
a - Flame Tongue          Conj/Fire      #####        0%          1    None
b - Throw Flame           Conj/Fire      ######       0%          2    None
c - Inner Flame           Hex/Fire       ########     1%          3    None
d - Conjure Flame         Conj/Fire      ########     0%          3    None
e - Blink                 Tloc           N/A          1%          2    None
f - Iskenderun's Battles  Conj/Chrm      #######.     1%          5    None
g - Spellforged Servitor  Conj/Summ      #######...   1%          7    None
h - Poison Arrow          Conj/Pois      #######...   1%          6    None
i - Ignition              Fire           ########..   1%          8    ###....
q - Sticky Flame          Conj/Fire      ########     0%          4    None
x - Fireball              Conj/Fire      ########..   1%          5    None

Your spell library contained the following spells:

 Spells                   Type           Power        Failure   Level  Hunger
 Chain Lightning          Conj/Air       #######...   19%         8    ###....
 Shatter                  Erth           #####.....   100%        9    #####..
 Magic Dart               Conj           ####         0%          1    None
 Searing Ray              Conj           ######       0%          2    None
 Iskenderun's Mystic Bla  Conj           ########     0%          4    None
 Animate Skeleton         Necr           N/A          1%          1    None
 Beastly Appendage        Tmut           #####.       1%          1    None
 Infusion                 Chrm           ####         1%          1    None
 Pain                     Necr           ####         1%          1    None
 Sandblast                Erth           #####.       1%          1    None
 Call Imp                 Summ           #######.     1%          2    None
 Ensorcelled Hibernation  Hex/Ice        #####.       1%          2    None
 Passwall                 Tmut/Erth      #####...     1%          2    None
 Shroud of Golubria       Chrm/Tloc      ######....   1%          2    None
 Slow                     Hex            #####...     1%          2    None
 Song of Slaying          Chrm           ######..     1%          2    None
 Sticks to Snakes         Tmut           #####...     1%          2    None
 Swiftness                Chrm/Air       ######..     1%          2    None
 Dazzling Spray           Conj/Hex       ######       1%          3    None
 Mephitic Cloud           Conj/Pois/Air  ######..     1%          3    None
 Recall                   Summ/Tloc      N/A          1%          3    None
 Regeneration             Chrm/Necr      ######....   1%          3    None
 Spectral Weapon          Hex/Chrm       ######..     1%          3    None
 Spider Form              Tmut/Pois      #####.....   1%          3    None
 Stone Arrow              Conj/Erth      ######       1%          3    None
 Vampiric Draining        Necr           #####.....   1%          3    None
 Force Lance              Conj/Tloc      #######.     1%          4    None
 Fulminant Prism          Conj/Hex       #######...   1%          4    None
 Summon Lightning Spire   Summ/Air       ######..     1%          4    None
 Bolt of Magma            Conj/Fire/Erth ########..   1%          5    None
 Venom Bolt               Conj/Pois      #######...   1%          5    None
 Conjure Ball Lightning   Conj/Air       #######...   1%          6    None
 Freezing Cloud           Conj/Ice/Air   ######....   1%          6    None
 Iron Shot                Conj/Erth      #######...   1%          6    None
 Shadow Creatures         Summ           N/A          1%          6    None
 Orb of Destruction       Conj           ########..   1%          7    None
 Animate Dead             Necr           N/A          2%          4    None
 Cause Fear               Hex            #####.....   2%          4    None
 Ice Form                 Ice/Tmut       #####...     2%          4    None
 Passage of Golubria      Tloc           N/A          2%          4    None
 Petrify                  Tmut/Erth      #####...     2%          4    None
 Lee's Rapid Deconstruct  Erth           #####.....   2%          5    None
 Yara's Violent Unravell  Hex/Tmut       #####.....   2%          5    None
 Blade Hands              Tmut           #####.....   8%          5    None
 Borgnjor's Vile Clutch   Necr/Erth      #####.....   8%          5    None
 Silence                  Hex/Air        #####.....   8%          5    None
 Ozocubu's Refrigeration  Ice            #####.....   12%         6    None
 Deflect Missiles         Chrm/Air       ######....   14%         6    None
 Darkness                 Hex            #####.....   38%         6    None
 Death Channel            Necr           #####.....   38%         6    None
 Invisibility             Hex            #####...     38%         6    None
 Simulacrum               Ice/Necr       #####.....   38%         6    None
 Discord                  Hex            #####.....   100%        8    ###....
 Tornado                  Air            #####.....   100%        9    #####..


Dungeon Overview and Level Annotations

Branches:
Dungeon (15/15)            Temple (1/1) D:6            Lair (6/6) D:8
  Swamp (4/4) Lair:3        Snake (4/4) Lair:2        Slime (0/5) Lair:6
    Orc (2/2) D:12            Elf (0/3) Orc:2        Vaults (4/5) D:14
  Crypt (0/3) Vaults:3     Depths (0/5) D:15

Altars:
Ashenzari
Dithmenos
Elyvilon
Fedhas
Gozag
Kikubaaqudgha
Makhleb
Nemelex Xobeh
Qazlal
Ru
Trog
Uskayaw
Vehumet
Wu Jian
Xom
Yredelemnul
The Shining One
Beogh
Jiyva

Shops:
D:6 :   D:8 *   D:10 !   D:14 }   D:15 [   Orc:2 %*:[(   Snake:3 %!*[
Vaults:1 =


Innate Abilities, Weirdness & Mutations

You have a pair of small antennae on your head.
You have supernaturally acute eyesight. (SInv)
You are dopey. (Int -2)
You are resistant to hostile enchantments. (MR+)


Message History

A deep elf archer comes into view. It is wielding a +0 dagger.
The deep elf archer moves out of view.
The deep elf archer is too close now for your liking.
The deep elf archer unwields a +0 dagger.
The deep elf archer wields a +0 shortbow.
The deep elf archer shoots an arrow.
The arrow hits you!!
You see here an arrow.
Aim: a deep elf archer, wielding a +0 shortbow and wearing a +0 leather armour (repelling missiles)
The poison arrow hits the deep elf archer!!
The deep elf archer looks as sick as possible!
Your battlesphere fires!
The barrage of energy hits the deep elf archer!
The deep elf archer shoots an arrow.
The arrow hits you!
The deep elf archer blinks!
Your spellforged servitor points at the deep elf archer and mumbles some strange words.
The poison arrow hits the deep elf archer!!
The deep elf archer looks as sick as possible!
The deep elf archer dies!
Vehumet accepts your kill.
There is a large open door here.
Items here: ( )) [ † a +0 shortbow; a +0 dagger; 14 arrows; a +0 leather armour; an elf corpse You butcher the elf corpse.
p - 6 chunks of flesh (gained 1)
Items here: ( )) [ ÷ a +0 shortbow; a +0 dagger; 14 arrows; a +0 leather armour; an elf skeleton A yaktaur captain comes into view.
The yaktaur captain moves out of view.
Your spellforged servitor disappears in a puff of smoke!
A yaktaur comes into view.
Your battlesphere wavers and loses cohesion.
The yaktaur wields a +0 arbalest.
The yaktaur shoots a bolt.
The bolt hits you!!
You hear a shout! x2
You see here a bolt.
Aim: a yaktaur, wielding a +0 arbalest You feel a surge of power!
The puff of flame hits the yaktaur.
The yaktaur shoots a bolt.
The bolt hits you!!
* * * LOW HITPOINT WARNING * * *
You hear a shout!
You feel a surge of power!
The air bursts into flame!
The fireball engulfs the yaktaur captain!!!
The fireball engulfs the yaktaur!!
You hear a shout! x2
A yaktaur comes into view.
The yaktaur shoots a bolt.
The bolt hits you!!
* * * LOW HITPOINT WARNING * * *
The yaktaur captain wields a +0 arbalest.
The yaktaur captain shoots a bolt.
The bolt hits you!!!
You die...

#.....#..#.....#
###########'#####
########.........#
.....(.#.........# #
.......#.........# ..
.......#.........# ...
.......#.........# ..c.
.......'.........#...#
.......#......@..'...#
########....)..(.#c##c#
#.........# #.........#
####''##### ######
#..).# #....## #...(#
##....###....# ##
##..>.##...)#


You could see a yaktaur captain and 2 yaktaurs.

Vanquished Creatures
  Nikola (Snake:4)
  Gastronok (Lair:1)
  5 thorn hunters
  Kirke (D:13)
  2 storm dragons
  7 nagarajas
  A tengu reaver (Vaults:3)
  An azure jelly (Swamp:4)
  A deep elf sorcerer (Vaults:3)
  The ghost of bananamous the Severer, a journeyman MiBe of Trog (Swamp:4)
  2 fire giants
  6 vault wardens
  7 ironheart preservers
  The ghost of Huxuz the Whirler, a journeyman FoHu of Okawaru (Lair:4)
  A ghoul (Vaults:4)
  A very ugly thing (Swamp:3)
  3 stone giants
  An entropy weaver (Vaults:2)
  Nessos (Orc:2)
  2 deep elf annihilators (Vaults:3)
  An ettin (Vaults:1)
  A crystal guardian (D:14)
  3 fire dragons
  9 yaktaur captains
  2 rakshasas
  9 naga warriors
  5 ice dragons
  A shambling mangrove (Swamp:1)
  10 hydras
  Erica (D:11)
  A catoblepas (Lair:6)
  Harold (D:7)
  10 anacondas
  4 vault guards
  The ghost of Meow the Destroyer, a novice NaVM of Okawaru (D:10)
  10 centaur warriors
  7 two-headed ogres
  A deep troll shaman (Lair:6)
  6 death knights
  15 death yaks
  8 alligators
  2 ogre magi
  2 orc high priests
  4 deep elf knights
  Urug (Lair:6)
  5 shock serpents
  5 naga sharpshooters
  A shock serpent (shapeshifter) (D:15)
  A salamander mystic (Snake:4)
  6 skeletal warriors
  A shadow wraith (Vaults:3)
  3 spriggan druids
  3 flayed ghosts
  2 sea snakes (Snake:4)
  2 unseen horrors
  Pikel (D:7)
  10 harpies
  3 swamp dragons
  A deep elf archer (Vaults:4)
  3 ironbrand convokers
  A wizard (Vaults:3)
  4 glowing orange brains
  A mana viper (shapeshifter) (Vaults:4)
  5 lindwurms
  13 orc knights
  2 naga ritualists (Snake:4)
  2 phantasmal warriors
  2 harpies (shapeshifter)
  2 shining eyes (shapeshifter)
  4 mana vipers
  8 deep elf magi
  21 ugly things
  A wolf spider (Vaults:4)
  6 orc sorcerers
  5 oklob plants
  4 salamanders
  2 salamanders (shapeshifter)
  4 manticores
  28 black mambas
  Maurice (D:8)
  11 cyclopes
  2 gargoyles
  17 elephants
  Joseph (D:8)
  A guardian serpent (Snake:2)
  9 vault sentinels
  2 ice statues (IceCv)
  9 naga magi
  2 centaur skeletons
  5 rime drakes
  19 spiny frogs
  2 kobold demonologists
  17 yaktaurs
  A komodo dragon (shapeshifter) (D:15)
  13 freezing wraiths
  A tengu conjurer (D:13)
  11 komodo dragons
  4 polar bears
  4 trolls
  2 meliai
  A jumping spider (shapeshifter) (D:15)
  17 hornets
  A hornet (shapeshifter) (Vaults:1)
  2 raiju (shapeshifter)
  7 tyrant leeches
  A queen bee (Lair:1)
  45 slime creatures
  12 blink frogs
  8 bog bodies
  2 human simulacra
  A redback (Vaults:2)
  6 hippogriffs
  12 spriggans
  62 yaks
  A human (shapeshifter) (D:15)
  4 shadows
  A wraith (D:15)
  A vampire (D:12)
  3 fire bats (Lair:1)
  3 hungry ghosts
  A steam dragon (D:11)
  5 basilisks
  2 neqoxecs (D:10)
  A water elemental (D:15)
  2 wyverns
  3 hogs (D:13)
  Grum (D:9)
  2 hogs (shapeshifter)
  5 swamp worm simulacra (Swamp:4)
  20 vampire mosquitoes
  12 swamp worms
  9 wargs
  33 nagas
  14 water moccasins
  Edmund (D:5)
  A water moccasin (shapeshifter) (D:14)
  15 hydra simulacra (Swamp:4)
  8 porcupines
  6 swamp drakes
  18 ice beasts
  4 sky beasts
  42 orc warriors
  2 phantoms
  A black bear (D:9)
  A slave (D:7)
  29 wolves
  9 ogres
  9 boggarts
  12 centaurs
  A crocodile (shapeshifter) (Vaults:3)
  23 crocodiles
  3 big kobolds
  2 wyvern zombies
  An elf simulacrum (Vaults:1)
  15 bullfrogs
  3 scorpions
  36 killer bees
  An electric eel (Lair:3)
  5 wights
  4 crimson imps
  4 howler monkeys
  3 bullfrog zombies
  2 centaur zombies
  3 quasits (D:10)
  A yaktaur simulacrum (Vaults:1)
  2 bullfrog skeletons
  8 hounds
  12 jellies
  17 orc priests
  21 orc wizards
  Jessica (D:2)
  5 iguanas
  10 worker ants
  A hound zombie (D:9)
  4 gnolls
  14 adders
  4 shadow imps
  3 oozes
  3 swamp drake simulacra (Swamp:4)
  A worm (D:5)
  5 leopard geckos
  78 orcs
  4 giant cockroaches
  9 goblins
  3 hobgoblins
  2 jackals (D:1)
  7 quokkas
  4 ball pythons
  4 bats
  5 frilled lizards
  16 kobolds
  A quokka zombie (D:7)
  5 rats
  2 fungi
  5 plants
1278 creatures vanquished.

Vanquished Creatures (collateral kills)
  A nagaraja (Snake:2)
  2 vault wardens
  Aizul (Vaults:1)
  2 orc warlords
  A stone giant (Vaults:2)
  A crystal guardian (D:14)
  A fire dragon (Vaults:3)
  A rakshasa (D:13)
  A hydra (D:11)
  3 vault guards
  An ice dragon (IceCv)
  A shambling mangrove (Swamp:2)
  2 naga warriors
  2 anacondas
  3 centaur warriors
  A catoblepas (D:13)
  An orc high priest (D:12)
  2 shock serpents
  2 naga sharpshooters (Snake:1)
  An orange crystal statue (D:14)
  A deep elf archer (Vaults:4)
  3 naga ritualists
  A spriggan druid (Swamp:3)
  7 orc knights
  4 ironbrand convokers
  A harpy (D:15)
  A wolf spider (Vaults:4)
  A deep elf mage (Vaults:3)
  A cyclops (Vaults:2)
  2 salamanders
  3 black mambas
  4 naga magi
  A centaur zombie (D:15)
  A gargoyle (D:14)
  A centaur skeleton (D:15)
  2 freezing wraiths (Swamp:4)
  A wolf spider simulacrum (D:15)
  4 hornets
  4 trolls
  2 slime creatures
  A hippogriff (D:13)
  3 spriggans
  5 yaks (D:11)
  A fire bat (Lair:1)
  2 vampire mosquitoes
  A neqoxec (D:10)
  A swamp worm (Swamp:4)
  A warg (Orc:1)
  10 nagas
  7 orc warriors
  A phantom (D:14)
  A sky beast (D:11)
  An ogre (Orc:1)
  A black bear (D:11)
  2 centaurs (D:15)
  A bullfrog (D:11)
  4 crimson imps
  3 orc priests
  An orc wizard (Orc:1)
  6 orcs
128 creatures vanquished.

Vanquished Creatures (others)
  An ogre (Orc:2)
  A leopard gecko (D:7)
  2 briar patches (Swamp:1)
  35 fungi
  13 plants
52 creatures vanquished.

Grand Total: 1458 creatures vanquished

Notes
Turn   | Place    | Note
-------+----------+-------------------------------------------
     0 | D:1      | MatthieuS the Deep Elf Fire Elementalist began the quest
                  | for the Orb.
     0 | D:1      | Reached XP level 1. HP: 10/10 MP: 6/6
   442 | D:1      | Reached XP level 2. HP: 16/16 MP: 6/8
   446 | D:1      | Learned a level 2 spell: Throw Flame
  1184 | D:2      | Reached XP level 3. HP: 20/20 MP: 6/10
  1204 | D:2      | Found a shattered altar of Ashenzari.
  1208 | D:2      | Noticed Jessica
  1223 | D:2      | Reached skill level 1 in Fighting
  1252 | D:1      | Learned a level 3 spell: Conjure Flame
  1256 | D:1      | Learned a level 3 spell: Inner Flame
  1651 | D:2      | Killed Jessica
  1651 | D:2      | Reached skill level 4 in Spellcasting
  1651 | D:2      | Reached XP level 4. HP: 12/25 MP: 0/12
  1865 | D:2      | Found a sparkling altar of Nemelex Xobeh.
  2524 | D:3      | Found a faded altar of an unknown god.
  2721 | D:3      | Reached XP level 5. HP: 29/29 MP: 10/13
  2886 | D:3      | Found a stormy altar of Qazlal.
  3204 | D:4      | Found a blossoming altar of Fedhas.
  3551 | D:5      | Entered Level 5 of the Dungeon
  3674 | D:5      | Noticed Edmund
  3716 | D:5      | Reached skill level 5 in Spellcasting
  3716 | D:5      | Reached XP level 6. HP: 21/35 MP: 9/15
  3721 | D:5      | Killed Edmund
  3884 | D:5      | Found a glowing golden altar of the Shining One.
  3929 | D:5      | Reached skill level 5 in Fire Magic
  4019 | D:5      | Learned a level 4 spell: Sticky Flame
  4061 | D:5      | Reached XP level 7. HP: 29/40 MP: 2/17
  4228 | D:5      | Reached skill level 6 in Spellcasting
  4775 | D:6      | Found Xinkay's Book Shoppe.
  4814 | D:6      | Found a burning altar of Makhleb.
  4854 | D:6      | Got a twitching bone ring
  4855 | D:6      | Identified the ring "Tinyit" {rC+ Dex+3} (You found it on
                  | level 6 of the Dungeon)
  4929 | D:6      | Found a staircase to the Ecumenical Temple.
  4941 | Temple   | Entered the Ecumenical Temple
  4951 | Temple   | Became a worshipper of Vehumet
  5010 | D:6      | Reached XP level 8. HP: 46/46 MP: 9/19
  5099 | D:6      | Learned a level 5 spell: Fireball
  5116 | D:7      | Reached skill level 5 in Conjurations
  5183 | D:7      | Learned a level 2 spell: Blink
  5485 | D:7      | Noticed Pikel
  5511 | D:7      | Killed Pikel
  5511 | D:7      | Reached skill level 5 in Dodging
  5511 | D:7      | Reached skill level 7 in Spellcasting
  5642 | D:7      | Noticed Harold
  5660 | D:7      | Killed Harold
  5660 | D:7      | Reached skill level 8 in Spellcasting
  5660 | D:7      | Reached XP level 9. HP: 11/52 MP: 9/23
  6308 | D:8      | Noticed Maurice
  6322 | D:8      | Reached skill level 5 in Fighting
  6327 | D:8      | Noticed Joseph
  6328 | D:8      | Reached skill level 9 in Spellcasting
  6434 | D:8      | Reached XP level 10. HP: 47/59 MP: 0/25
  6625 | D:8      | Noticed a lindwurm
  6654 | D:8      | Reached * piety under Vehumet
  6654 | D:8      | Offered knowledge of Sandblast by Vehumet.
  6839 | D:8      | Killed Maurice
  6925 | D:8      | Found a staircase to the Lair.
  6950 | D:8      | Found Saaddyocai's Assorted Antiques.
  6955 | D:8      | Bought an embroidered robe for 81 gold pieces
  6975 | D:8      | Bought a scroll of identify for 44 gold pieces
  6975 | D:8      | Bought a scroll of teleportation for 66 gold pieces
  6975 | D:8      | Bought a scroll of teleportation for 66 gold pieces
  6975 | D:8      | Bought a scroll of teleportation for 66 gold pieces
  6975 | D:8      | Bought a scroll of identify for 44 gold pieces
  7129 | D:8      | Noticed a lindwurm
  7129 | D:8      | Noticed a lindwurm
  7136 | D:8      | Noticed a lindwurm
  7137 | D:8      | Killed a lindwurm
  7138 | D:8      | Killed a lindwurm
  7138 | D:8      | Reached skill level 10 in Spellcasting
  7239 | D:8      | Killed a lindwurm
  7241 | D:8      | Killed a lindwurm
  7305 | D:8      | Identified the Guide on Ice
  7427 | D:8      | Killed Joseph
  7622 | D:9      | Offered knowledge of Freeze by Vehumet.
  7629 | D:9      | Learned a level 5 spell: Iskenderun's Battlesphere
  7645 | D:9      | Reached ** piety under Vehumet
  7645 | D:9      | Reached XP level 11. HP: 65/65 MP: 21/27
  7681 | D:9      | Reached skill level 1 in Shields
  7811 | D:9      | Reached skill level 1 in Charms
  7823 | D:9      | Noticed Grum
  7831 | D:9      | Killed Grum
  8033 | D:9      | Found an ornate altar of the Wu Jian Council.
  8036 | D:9      | Found a hide-covered altar of Uskayaw.
  8042 | D:9      | Found a bloodstained altar of Trog.
  8042 | D:9      | Found a shimmering altar of Xom.
  8042 | D:9      | Found an opulent altar of Gozag.
  8043 | D:9      | Found a sacrificial altar of Ru.
  8044 | D:9      | Found an ancient bone altar of Kikubaaqudgha.
  8045 | D:9      | Found a white marble altar of Elyvilon.
  8046 | D:9      | Found a burning altar of Makhleb.
  8234 | D:10     | Entered Level 10 of the Dungeon
  8298 | D:10     | Found a transporter.
  8327 | D:10     | Noticed Meow's ghost (novice NaVM)
  8328 | D:10     | Found a transporter.
  8539 | D:10     | Found Toceam's Distillery.
  8545 | D:10     | Bought a potion of heal wounds for 75 gold pieces
  8545 | D:10     | Bought a potion of curing for 45 gold pieces
  8741 | D:10     | Offered knowledge of Stone Arrow by Vehumet.
  8912 | D:10     | Noticed a centaur warrior
  8922 | D:10     | Noticed a four-headed hydra
  9223 | D:10     | Killed a centaur warrior
  9231 | D:10     | Killed a four-headed hydra
  9238 | D:10     | Reached *** piety under Vehumet
  9312 | D:10     | Noticed a two-headed ogre
  9317 | D:10     | Killed a two-headed ogre
  9317 | D:10     | Reached skill level 11 in Spellcasting
  9511 | Lair:1   | Entered Level 1 of the Lair of Beasts
  9596 | Lair:1   | Reached skill level 1 in Evocations
  9860 | Lair:1   | Noticed Gastronok
  9870 | Lair:1   | Killed Gastronok
  9870 | Lair:1   | Offered knowledge of Airstrike by Vehumet.
  9945 | Lair:1   | Learned a level 7 spell: Spellforged Servitor
  9960 | Lair:1   | Reached skill level 5 in Charms
  9960 | Lair:1   | Reached skill level 10 in Fire Magic
 10202 | Lair:1   | Reached XP level 12. HP: 43/72 MP: 27/29
 10713 | Lair:2   | Reached skill level 1 in Summonings
 10715 | Lair:2   | Reached **** piety under Vehumet
 10966 | Lair:2   | Reached skill level 10 in Dodging
 11186 | Lair:2   | Offered knowledge of Ignite Poison by Vehumet.
 11677 | Lair:2   | Reached skill level 10 in Conjurations
 11685 | Lair:2   | Reached skill level 12 in Spellcasting
 11747 | Lair:2   | Found a staircase to the Snake Pit.
 12122 | Lair:3   | Noticed a five-headed hydra
 12125 | Lair:3   | Killed a five-headed hydra
 12131 | Lair:3   | Found a staircase to the Swamp.
 12209 | Lair:3   | Noticed a death yak
 12209 | Lair:3   | Noticed a death yak
 12209 | Lair:3   | Noticed a death yak
 12210 | Lair:3   | Noticed a death yak
 12213 | Lair:3   | Killed a death yak
 12214 | Lair:3   | Noticed a death yak
 12215 | Lair:3   | Killed a death yak
 12216 | Lair:3   | Killed a death yak
 12222 | Lair:3   | Killed a death yak
 12222 | Lair:3   | Reached XP level 13. HP: 78/78 MP: 23/31
 12339 | Lair:3   | Reached skill level 5 in Evocations
 12364 | Lair:3   | Reached ***** piety under Vehumet
 12583 | Lair:3   | Offered knowledge of Bolt of Fire by Vehumet.
 12664 | Lair:3   | You fall through a shaft for 2 floors!
 12942 | Lair:4   | Found a transporter.
 12964 | Lair:4   | Noticed Huxuz's ghost (journeyman FoHu)
 13183 | Lair:4   | Found a transporter.
 13302 | Lair:4   | Reached skill level 5 in Summonings
 14193 | Lair:6   | Entered Level 6 of the Lair of Beasts
 14193 | Lair:6   | Noticed Urug
 14279 | Lair:6   | Reached skill level 13 in Spellcasting
 14561 | Lair:6   | Offered knowledge of Lee's Rapid Deconstruction by Vehumet.
 14621 | Lair:6   | Reached XP level 14. HP: 38/84 MP: 20/33
 14935 | Lair:6   | Killed Urug
 15045 | Lair:6   | Found a viscous altar of Jiyva.
 15046 | Lair:6   | Found a staircase to the Slime Pits.
 16350 | D:10     | Learned a level 7 spell: Orb of Destruction
 16970 | D:11     | Offered knowledge of Irradiate by Vehumet.
 17186 | D:11     | Noticed Erica
 17191 | D:11     | Killed Erica
 17329 | D:12     | Found a staircase to the Orcish Mines.
 17409 | D:12     | Reached skill level 14 in Spellcasting
 17447 | D:12     | HP: 4/86 [manticore/volley of spikes (19)]
 18027 | D:12     | Found a transporter.
 18031 | D:12     | Found a transporter.
 18033 | D:12     | Found a roughly hewn altar of Beogh.
 18308 | Orc:1    | Entered Level 1 of the Orcish Mines
 18515 | Orc:2    | Entered Level 2 of the Orcish Mines
 18518 | Orc:2    | Reached XP level 15. HP: 90/90 MP: 34/35
 18529 | Orc:2    | Noticed Nessos
 18612 | Orc:1    | Identified a scroll of acquirement
 19220 | D:13     | Offered knowledge of Lightning Bolt by Vehumet.
 20160 | D:13     | Noticed Kirke
 20168 | D:13     | Killed Kirke
 20276 | D:13     | Identified the +8 chain mail of the End {rCorr Str-2 Int+4
                  | Dex+8} (You found it on level 13 of the Dungeon)
 20379 | D:14     | Found Quhulups's Gadget Emporium.
 20560 | D:14     | Reached skill level 1 in Armour
 20591 | D:14     | Found a gate to the Vaults.
 20849 | D:14     | Reached ****** piety under Vehumet
 20849 | D:14     | Offered knowledge of Poison Arrow by Vehumet.
 20918 | D:14     | Found a runed translucent door.
 21580 | D:15     | Entered Level 15 of the Dungeon
 21618 | D:15     | Learned a level 6 spell: Poison Arrow
 21759 | D:15     | Learned a level 5 spell: Bolt of Magma
 21810 | D:15     | Got a distressingly furry helmet
 21821 | D:15     | Identified the +0 helmet of Gluttony {rN++ Str-3 Int+9
                  | Dex-4} (You found it on level 15 of the Dungeon)
 21873 | D:15     | Reached skill level 15 in Spellcasting
 21978 | D:15     | Reached skill level 10 in Fighting
 21981 | D:15     | Found Kec Geum's Antique Armour Shoppe.
 22077 | D:15     | Reached XP level 16. HP: 97/97 MP: 25/37
 22185 | D:15     | Found a frozen archway.
 22199 | IceCv    | Entered an ice cave
 22306 | IceCv    | Offered knowledge of Conjure Ball Lightning by Vehumet.
 22367 | IceCv    | Found the ring of Shadows {Umbra +Inv Stlth+}
 22450 | IceCv    | Got a smoking copper amulet
 22657 | D:15     | Identified the amulet of Suspected Treachery {Faith Dex+3}
                  | (You found it in an ice cave)
 23203 | D:15     | Found a staircase to the Depths.
 23573 | Orc:1    | You are sucked into a shaft!
 23583 | Orc:2    | Found Oskuobia's Book Boutique.
 23596 | Orc:2    | Found Asuuba's General Store.
 23610 | Orc:2    | Found a roughly hewn altar of Beogh.
 23618 | Orc:2    | Reached skill level 10 in Evocations
 24053 | Orc:2    | Offered knowledge of Bolt of Cold by Vehumet.
 24118 | Orc:2    | Killed Nessos
 24543 | Orc:2    | Found Dumaub's Antique Armour Boutique.
 24550 | Orc:2    | Found a staircase to the Elven Halls.
 24559 | Orc:2    | Bought a slimy cloak for 342 gold pieces
 24570 | Orc:2    | Identified the +2 cloak of the Barnacle {rElec MP-9 SInv}
                  | (You bought it in a shop on level 2 of the Orcish Mines)
 24746 | Orc:2    | Found Jaheggud's Antique Weapon Boutique.
 24916 | Orc:2    | Found Fiyckerr's Food Shop.
 24919 | Orc:2    | Bought a ration for 60 gold pieces
 25257 | D:10     | Gained mutation: You are frail. (-10% HP) [a neqoxec]
 25271 | D:10     | Got the ring of Fragile Peace {Int+4}
 25281 | D:10     | Identified the ring of Fragile Peace {rN+ Int+4} (You found
                  | it on level 10 of the Dungeon)
 25638 | D:10     | Killed Meow's ghost
 25798 | Lair:4   | Killed Huxuz's ghost
 26078 | D:15     | Lost mutation: You are frail. (-10% HP) [potion of
                  | mutation]
 26078 | D:15     | Gained mutation: You are dopey. (Int -2) [potion of
                  | mutation]
 26078 | D:15     | Gained mutation: You are resistant to hostile enchantments.
                  | (MR+) [potion of mutation]
 26078 | D:15     | Gained mutation: You have a pair of small antennae on your
                  | head. [potion of mutation]
 26286 | Swamp:1  | Entered Level 1 of the Swamp
 26858 | Swamp:1  | Noticed a thorn hunter
 26869 | Swamp:1  | Killed a thorn hunter
 27646 | Swamp:2  | Offered knowledge of Shatter by Vehumet.
 27646 | Swamp:2  | Offered knowledge of Chain Lightning by Vehumet.
 27646 | Swamp:2  | Offered knowledge of Ignition by Vehumet.
 27807 | Swamp:2  | Noticed a thorn hunter
 27816 | Swamp:2  | Killed a thorn hunter
 28281 | Swamp:2  | Learned a level 8 spell: Ignition
 28309 | Swamp:2  | Identified the +5 hand axe "Batus" {chop, rN+ Dex+2} (You
                  | found it on level 2 of the Swamp)
 28411 | Swamp:3  | Reached XP level 17. HP: 103/103 MP: 24/38
 28447 | Swamp:3  | Reached skill level 16 in Spellcasting
 29446 | Swamp:4  | Entered Level 4 of the Swamp
 29681 | Swamp:4  | Reached skill level 5 in Armour
 29878 | Swamp:4  | Found a runed translucent door.
 29878 | Swamp:4  | Noticed bananamous's ghost (journeyman MiBe)
 30140 | Swamp:4  | Killed bananamous's ghost
 30610 | Swamp:4  | Reached skill level 5 in Stealth
 30694 | Swamp:4  | Got a decaying rune of Zot
 30884 | Snake:1  | Entered Level 1 of the Snake Pit
 31592 | Snake:2  | Reached skill level 15 in Dodging
 31705 | Snake:2  | You are sucked into a shaft!
 31857 | Snake:3  | Found Hoicut's General Store.
 31857 | Snake:3  | Found Vacah's Distillery.
 31858 | Snake:3  | Found Zoddo's Food Boutique.
 31860 | Snake:3  | Found Yczam's Antique Armour Shop.
 31865 | Snake:3  | Bought a potion of magic for 112 gold pieces
 31865 | Snake:3  | Bought a potion of magic for 112 gold pieces
 31865 | Snake:3  | Bought a potion of heal wounds for 70 gold pieces
 31865 | Snake:3  | Bought a potion of heal wounds for 70 gold pieces
 31865 | Snake:3  | Bought a potion of curing for 42 gold pieces
 31865 | Snake:3  | Bought a potion of heal wounds for 70 gold pieces
 31865 | Snake:3  | Bought a potion of heal wounds for 70 gold pieces
 31868 | Snake:3  | Bought a pair of fine boots for 361 gold pieces
 31878 | Snake:3  | Identified the cursed +0 pair of boots of Heresy {Str+2
                  | SInv} (You bought it in a shop on level 3 of the Snake Pit)
 31897 | Snake:3  | Bought a scroll of enchant armour for 105 gold pieces
 31897 | Snake:3  | Bought a wand of iceblast (6) for 140 gold pieces
 32964 | Snake:2  | Reached XP level 18. HP: 84/110 MP: 23/40
 33562 | Snake:4  | Entered Level 4 of the Snake Pit
 33619 | Snake:4  | Noticed Nikola
 33627 | Snake:4  | Killed Nikola
 34454 | Snake:4  | Reached skill level 17 in Spellcasting
 34685 | Snake:4  | Got a serpentine rune of Zot
 34877 | Snake:4  | Reached skill level 15 in Fire Magic
 35822 | Vaults:1 | Entered Level 1 of the Vaults
 36212 | Vaults:1 | Noticed Aizul
 36219 | Vaults:1 | Killed Aizul
 36400 | Vaults:1 | Found Beotedae's Jewellery Shop.
 36412 | Vaults:1 | Bought the ring of the Mage {Wiz MR++ Int+3} for 878 gold
                  | pieces
 36412 | Vaults:1 | Found the ring of the Mage {Wiz MR++ Int+3}
 36412 | Vaults:1 | Bought the ring "Fyxyni" {rPois Str+4 Int+3 Slay-5} for 266
                  | gold pieces
 37604 | Vaults:1 | Got a translucent crystal plate armour
 37605 | Vaults:1 | Identified the +9 crystal plate armour "Nynuecuh" {Slay+6}
                  | (You acquired it on level 1 of the Vaults)
 38015 | Vaults:2 | Found a flickering gateway to a bazaar.
 38033 | Bazaar   | Entered a bazaar
 38046 | Bazaar   | Found Lepleroe's Antique Weapon Emporium.
 38057 | Bazaar   | Found Symnont's Antique Weapon Shoppe.
 38073 | Bazaar   | Found Baduprox's Antique Armour Emporium.
 38084 | Bazaar   | Found Duck's Antique Armour Shoppe.
 38089 | Bazaar   | Bought a pair of translucent boots for 275 gold pieces
 38100 | Bazaar   | Identified the +3 pair of boots of Focus {*Drain Str+4
                  | Int+4} (You bought it in a shop in a bazaar)
 38110 | Bazaar   | Bought a pair of glowing gloves for 210 gold pieces
 38323 | Vaults:2 | Reached XP level 19. HP: 116/116 MP: 27/42
 38356 | Vaults:2 | Reached skill level 15 in Conjurations
 38464 | Vaults:2 | Got a jewelled chain mail
 38961 | Vaults:2 | You fall through a shaft!
 39378 | Vaults:3 | Reached skill level 10 in Stealth
 39931 | Vaults:2 | Reached skill level 18 in Spellcasting
 40636 | Vaults:3 | Gained mutation: You have supernaturally acute eyesight.
                  | (SInv) [a shining eye]
 40698 | Vaults:3 | Found a staircase to the Crypt.
 41737 | Vaults:4 | Shot with a bolt by a yaktaur captain

Levels and vault maps discovered:
D:1:      minmay_arrival_cross, layout_basic
D:2:      layout_loops_ring, evilmike_ruin_ashenzari, hex_medium,
          grunt_decor_clamped, eino_tiny_chamber,
          nemelex_xobeh_ov_fountains_minmay, uniq_jessica
D:3:      layout_loops_ring, grunt_qazlal_sundering,
          chequers_ecumenical_altar_island, first_ration
D:4:      layout_rooms, old_standard_altar
D:5:      layout_basic, tso_metal_star, uniq_edmund
D:6:      layout_rooms, minmay_temple_entry_grid, serial_shops, shop_fountains,
          basic_altar, kennysheep_generic_room_8
D:7:      layout_basic, uniq_pikel, uniq_harold
D:8:      layout_basic, minmay_lair_entry_grove, serial_shops,
          nicolae_shop_behind_doors, the_bakery, minmay_lindwurm_lava,
          uniq_joseph, uniq_maurice
D:9:      layout_rooms, minitemple, serial_glass, glass_columns_b,
          glass_columns_a, feat_on_display, item_on_display_a, feat_on_display,
          uniq_grum
D:10:     layout_loops_corners, serial_shops, nicolae_shop_stone,
          gammafunk_ghost_stat_death, evilmike_minifort
D:11:     layout_roguey [special_room_orc], uniq_erica
D:12:     gammafunk_beogh_shrine, layout_long_grid, david_orc_2
D:13:     layout_gridville, chequers_serial_rivers_micro_c, minmay_the_grid_2x2
          [minmay_the_grid_tiny_cups, minmay_the_grid_small_cups,
          minmay_the_grid_minigrid_small_alt,
          minmay_the_grid_prize_four_corners], uniq_kirke
D:14:     layout_rooms, david_vaults_4, serial_shops, nicolae_shop_trees,
          minmay_misc_feat_secret_circle, minmay_crystal_box
D:15:     gammafunk_enter_depths_forms, layout_irregular_city, serial_shops,
          shop, portal_ice_cave_rime, fountainhead, minmay_pinched_square
Temple:   compressed_dpeg_triangle_lava_temple
Lair:1:   layout_gridlike, special_room [special_room_bee],
          chequers_serial_rivers_micro_e, grunt_megastairs_4, uniq_gastronok
Lair:2:   layout_cave_pods, dummy_snake_entry, beast_lair_carwin_1,
          minmay_lair_oklob_chamber
Lair:3:   layout_regular_city, swamp_mist_pool, lemuel_fruit_tree
Lair:4:   layout_loops_ring, gammafunk_ghost_arena
Lair:5:   layout_loops_ring
Lair:6:   grunt_lair_end_beastmaster, layout_misc_corridors, slime_altar_1,
          grunt_megastairs_2, uniq_urug
Swamp:1:  layout_basic_swamp, evilmike_swamp_ruin_rubble_2, swamp_pool2,
          nicolae_swamp_trees_clearing
Swamp:2:  layout_falls_marsh, hangedman_swamp_lotus, swamp_pool2,
          grunt_lady_of_the_lake
Swamp:3:  layout_basic_swamp, evilmike_swamp_ruin_house_3
Swamp:4:  swamp_icy, layout_basic_swamp, gammafunk_ghost_grave, swamp_pool1
Snake:1:  cheibrodos_snake_ritualist_ritual, layout_grid_shapes
Snake:2:  layout_basic
Snake:3:  layout_chambers, minmay_shoptagon
Snake:4:  minmay_snake_end_coiled, layout_cave_town, minmay_snake_pond,
          uniq_nikola
Orc:1:    layout_caves
Orc:2:    grunt_orc_gardens, layout_diamond_mine, grunt_orc_garden,
          grunt_orc_garden, grunt_orc_garden, grunt_orc_garden, serial_shops,
          nicolae_shop_window_shopping, basic_altar, uniq_nessos
Vaults:1: dpeg_vaults_waves, vaults_dpeg_ring, hangedman_vaults_river_flow,
          v_misc_16, hangedman_vaults_stream, hangedman_vaults_snaps,
          grunt_vaults_swirl, nicolae_vaults_ring_of_whatevers,
          layout_vaults_quadrants, serial_shops, shop, uniq_aizul
Vaults:2: v_rooms_6, hangedman_vaults_impose, nicolae_vaults_network_star,
          nicolae_vaults_little_ls, v_alt_pattern_6, v_rooms_1,
          nicolae_vaults_border_crossing, hangedman_vaults_stretched_pinwheel,
          v_pattern_4, st_smaller_cells, ontoclasm_vaults_twist,
          layout_vaults_maze_bifur, serial_shops, bzr_entry_gold
Vaults:3: v_misc_9, ontoclasm_vaults_ring_large, v_alt_pattern_6,
          nicolae_vaults_network_periphery, vaults_room_grid,
          nicolae_vaults_circle_grid_a, nicolae_vaults_alarming, st_hourglassy,
          hangedman_vaults_stretched_pinwheel, layout_vaults_big_room
Vaults:4: nicolae_vaults_octagons, vaults_mumra_chevron,
          vaults_mumra_chevron_long, v_alt_pattern_2,
          hangedman_vaults_variations, vaults_dpeg_spiral,
          hangedman_vaults_corner, v_misc_2, v_rooms_5,
          nicolae_vaults_little_squares_4, nicolae_vaults_little_squares_4,
          ontoclasm_vaults_ring_small, hangedman_vaults_stitches,
          nicolae_vaults_angled_halls, vaults_dpeg_encased_lava,
          layout_vaults_omnibox

Skill      XL: |  1  2  3  4  5  6  7  8  9 10 11 12 13 14 15 16 17 18 19 |
---------------+----------------------------------------------------------+-----
Fighting       | 1 2 3 4 5 6 7 8 9 10 11 12 | 12.3
Conjurations   | 2 3 4 6 7 8 9 10 11 12 13 14 15 | 15.6
Spellcasting   | 4 5 6 8 9 10 11 12 13 14 15 16 17 18 | 18.2
Fire Magic     | 4 5 7 8 9 10 11 12 13 14 15 16 | 16.0
Dodging        | 3 6 7 8 9 10 11 12 13 14 15 16 | 16.6
Shields        | 3 4 |  4.0
Charms         | 5 |  5.2
Evocations     | 2 4 6 8 9 10 | 10.6
Summonings     | 3 6 7 8 |  8.4
Armour         | 2 4 5 7 8 |  8.3
Stealth        | 6 9 10 | 10.8

Action                   |  1- 3 |  4- 6 |  7- 9 | 10-12 | 13-15 | 16-18 | 19-21 || total
-------------------------+-------+-------+-------+-------+-------+-------+-------++-------
Melee: Unarmed           |     1 |       |       |    21 |       |       |       ||    22
       Whip              |       |     8 |    22 |    64 |       |       |       ||    94
       Staff             |       |       |       |       |    16 |     3 |     1 ||    20
 Cast: Flame Tongue      |    40 |    54 |    69 |   182 |   166 |   226 |    35 ||   772
       Throw Flame       |     7 |    69 |    53 |   110 |   308 |   234 |    37 ||   818
       Conjure Flame     |     1 |     3 |     5 |    11 |     5 |     1 |       ||    26
       Fireball          |       |       |     6 |    74 |   260 |   271 |     4 ||   615
       Inner Flame       |       |       |     1 |     3 |       |       |       ||     4
       Sticky Flame      |       |       |     1 |    15 |    58 |    70 |     1 ||   145
       Iskenderun's Batt |       |       |       |    36 |   113 |   134 |    29 ||   312
       Blink             |       |       |       |     3 |    36 |    12 |     1 ||    52
       Spellforged Servi |       |       |       |       |    20 |    56 |    11 ||    87
       Orb of Destructio |       |       |       |       |    12 |       |       ||    12
       Poison Arrow      |       |       |       |       |     3 |    53 |    76 ||   132
       Bolt of Magma     |       |       |       |       |       |     2 |       ||     2
       Ignition          |       |       |       |       |       |    16 |    37 ||    53
Evoke: Wand              |       |       |       |     5 |    17 |    38 |       ||    60
       Box of beasts     |       |       |       |     1 |       |     1 |       ||     2
       Staff of energy   |       |       |       |       |     1 |       |       ||     1
       Crystal ball of e |       |       |       |       |       |     1 |       ||     1
  Use: Scroll            |       |     9 |     7 |     3 |    23 |    17 |       ||    59
       Potion            |       |       |     2 |     5 |     1 |     4 |       ||    12
 Stab: Sleeping          |       |       |     1 |     1 |       |       |       ||     2
       Confused          |       |       |       |     5 |       |       |       ||     5
  Eat: Chunk             |     2 |     8 |     6 |    13 |    25 |    24 |     9 ||    87
       Ration            |       |       |     1 |     3 |     4 |    13 |     2 ||    23
Armor: Robe              |     4 |    12 |    10 |    30 |    62 |    80 |    17 ||   215
       Skin              |       |       |       |     1 |       |       |       ||     1
Dodge: Dodged            |     9 |    20 |    29 |   178 |   305 |   340 |    77 ||   958
Block: Other             |       |       |       |       |       |       |     1 ||     1

Table legend:
 A = Non-vault XP
 B = Vault XP
 C = Vault XP percentage of total XP
 D = Non-vault monster count
 E = Vault monster count
 F = Vault count percentage of total count
                 A         B        C        D         E       F
            +---------+---------+-------+---------+---------+-------
      Total |  277342 |  195661 |  41.4 |     919 |     479 |  34.3
            +---------+---------+-------+---------+---------+-------
        D:1 |      26 |       0 |   0.0 |      16 |       0 |   0.0
        D:2 |      72 |      37 |  33.9 |      14 |       1 |   6.7
        D:3 |      77 |       0 |   0.0 |      20 |       0 |   0.0
        D:4 |      98 |       0 |   0.0 |       8 |       0 |   0.0
        D:5 |     718 |     158 |  18.0 |      23 |       1 |   4.2
        D:6 |     354 |       0 |   0.0 |      12 |       0 |   0.0
        D:7 |     309 |    1647 |  84.2 |      11 |       2 |  15.4
        D:8 |    1160 |    5765 |  83.2 |      25 |      19 |  43.2
        D:9 |    1967 |     642 |  24.6 |      28 |       5 |  15.2
       D:10 |     481 |    4281 |  89.9 |      11 |      17 |  60.7
       D:11 |    8228 |    2834 |  25.6 |      53 |      26 |  32.9
       D:12 |    7865 |    3517 |  30.9 |      45 |      23 |  33.8
       D:13 |    9474 |   13046 |  57.9 |      31 |      35 |  53.0
       D:14 |   10696 |    4633 |  30.2 |      40 |      10 |  20.0
       D:15 |   11158 |   10150 |  47.6 |      33 |      27 |  45.0
     Lair:1 |    3002 |    3608 |  54.6 |      16 |      21 |  56.8
     Lair:2 |    4368 |    5727 |  56.7 |      24 |      15 |  38.5
     Lair:3 |    9346 |       0 |   0.0 |      27 |       0 |   0.0
     Lair:4 |    8746 |    2667 |  23.4 |      21 |       5 |  19.2
     Lair:5 |    6826 |       0 |   0.0 |      23 |       0 |   0.0
     Lair:6 |   11826 |   12796 |  52.0 |      44 |      25 |  36.2
    Swamp:1 |   11197 |       0 |   0.0 |      30 |       0 |   0.0
    Swamp:2 |   14401 |       0 |   0.0 |      39 |       0 |   0.0
    Swamp:3 |   16662 |       0 |   0.0 |      40 |       0 |   0.0
    Swamp:4 |   14681 |    7692 |  34.4 |      31 |      31 |  50.0
    Snake:1 |    7664 |    2302 |  23.1 |      14 |       5 |  26.3
    Snake:2 |   19238 |       0 |   0.0 |      41 |       0 |   0.0
    Snake:3 |    9944 |       0 |   0.0 |      18 |       0 |   0.0
    Snake:4 |   14707 |   26120 |  64.0 |      26 |      48 |  64.9
      Orc:1 |    3723 |       0 |   0.0 |      24 |       0 |   0.0
      Orc:2 |    3382 |    9763 |  74.3 |      31 |      28 |  47.5
   Vaults:1 |    8157 |   27002 |  76.8 |      14 |      39 |  73.6
   Vaults:2 |   14525 |   27152 |  65.1 |      28 |      48 |  63.2
   Vaults:3 |   29857 |   12684 |  29.8 |      45 |      18 |  28.6
   Vaults:4 |   12407 |    6641 |  34.9 |      13 |      10 |  43.5
      IceCv |       0 |    4797 | 100.0 |       0 |      20 | 100.0
            +---------+---------+-------+---------+---------+-------
